 Dungeon Crawl Stone Soup version 0.26-a0-649-gf8c6c3aab7 (webtiles) character file.

Game seed: 801175657086205974

1677 flotson the Covert (level 9, -1/66 HPs)
             Began as a Gnoll Wanderer on Sept 26, 2020.
             Slain by a slime creature (13 damage)
             ... on level 6 of the Dungeon on Sept 27, 2020.
             The game lasted 00:09:19 (6366 turns).

flotson the Covert (Gnoll Wanderer)                 Turns: 6366, Time: 00:09:19

Health: -1/66      AC: 12    Str: 25    XL:     9   Next: 1%
Magic:  0/14       EV: 10    Int: 14    God:
Gold:   346        SH: 15    Dex: 18    Spells: 15/15 levels left

rFire    . . .     SeeInvis .   a - +4 falchion (protect)
rCold    . . .     Faith    .   o - +0 tower shield
rNeg     . . .     Spirit   +   C - +0 leather armour "Gehenka" {rPois Dex+4} (curse)
rPois    +         Reflect  .   w - +0 helmet
rElec    .         Harm     .   m - +0 cloak
rCorr    .         Rampage  .   (no gloves)
MR       .....                  (no boots)
Stlth    +++++.....             t - amulet of guardian spirit
HPRegen  0.21/turn              v - +6 ring of strength
MPRegen  0.14/turn              (no ring)

@: protection aura
A: distributed training, fangs 1, strong nose
a: no special abilities


You were on level 6 of the Dungeon.
You visited 1 branch of the dungeon, and saw 6 of its levels.

You collected 346 gold pieces.

Inventory:

Hand Weapons
 a - a +4 falchion of protection (weapon)
Missiles
 e - 26 poisoned darts (quivered)
 p - a throwing net
Armour
 m - a +0 cloak (worn)
 n - a +0 scale mail
 o - a +0 tower shield (worn)
 w - a +0 helmet (worn)
 C - the cursed +0 leather armour "Gehenka" (worn) {rPois Dex+4}
   (You found it on level 6 of the Dungeon)

   It affects your dexterity (+4).
   It protects you from poison.
   It has a curse placed upon it.
Jewellery
 t - an amulet of guardian spirit (around neck)
 v - a +6 ring of strength (left hand)
Wands
 q - a wand of flame (20)
Scrolls
 c - 5 scrolls of teleportation
 d - a scroll of fear {unknown}
 i - 8 scrolls of identify {unknown}
 j - a scroll of amnesia {unknown}
 k - 4 scrolls of blinking {unknown}
 u - 2 scrolls of enchant armour {unknown}
 x - a scroll of immolation {unknown}
 y - a scroll of noise {unknown}
 B - 4 scrolls of remove curse {unknown}
Potions
 b - 4 potions of heal wounds
 f - 7 potions of curing {unknown}
 g - a potion of ambrosia {unknown}
 h - a potion of cancellation {unknown}
 l - 3 potions of lignification {unknown}
 r - a potion of experience {unknown}
 s - a potion of invisibility {unknown}
 z - a potion of degeneration {unknown}
 A - a potion of brilliance {unknown}


   Skills:
 + Level 4.6 Fighting
 + Level 6.0 Short Blades
 + Level 3.8 Long Blades
 + Level 3.8 Axes
 + Level 3.8 Maces & Flails
 + Level 3.8 Polearms
 + Level 3.8 Staves
 + Level 3.8 Slings
 + Level 3.8 Bows
 + Level 3.8 Crossbows
 + Level 3.8 Throwing
 + Level 3.8 Armour
 + Level 3.8 Dodging
 + Level 11.7 Stealth
 + Level 3.8 Shields
 + Level 3.8 Unarmed Combat
 + Level 3.8 Spellcasting
 + Level 3.1 Conjurations
 + Level 3.1 Hexes
 + Level 3.1 Summonings
 + Level 3.1 Necromancy
 + Level 3.1 Translocations
 + Level 3.1 Transmutations
 + Level 3.1 Fire Magic
 + Level 3.1 Ice Magic
 + Level 3.1 Air Magic
 + Level 3.1 Earth Magic
 + Level 3.1 Poison Magic
 + Level 4.1 Invocations
 + Level 4.6 Evocations


You had 15 spell levels left.
You didn't know any spells.
Your spell library was empty.

Dungeon Overview and Level Annotations

Branches:
Dungeon (6/15)
 Temple: D:4-7

Altars:
Cheibriados
Okawaru
The Shining One


Innate Abilities, Weirdness & Mutations

Your experience applies equally to all skills.
You have very sharp teeth.
Your uncanny sense of smell can sniff out nearby items.


Message History

The slime creature completely misses you.
Your leather armour "Gehenka" prevents you from hitting the slime creature.
The slime creature is severely wounded.
The slime creature hits you but does no damage.
The slime creature hits you.
* * * LOW HITPOINT WARNING * * *
You barely miss the slime creature.
You bite the slime creature, but do no damage.
The slime creature is severely wounded.
You block the slime creature's attack.
You hit the slime creature.
Your weapon exudes an aura of protection.
The slime creature is severely wounded.
You block the slime creature's attack.
You slash the slime creature!
Your weapon exudes an aura of protection.
You bite the slime creature.
The slime creature is almost dead.
The slime creature hits you!
You die...

#.# #.....####.....
#.# ###......'.....
#.# #....###.....
#.# #....# #.....
#.# #....# #####.
#.# #....# #. #.#
#....# #.
#.########..# #.
#.<@J.......# #.
###########.########
#..<......
#.######## #.# # ..#
# #### ∆


You could see a slime creature.

Vanquished Creatures
  Prince Ribbit (D:6)
  A phantom (D:5)
  2 ogres (D:4)
  2 centaurs
  A bullfrog (D:6)
  5 wights (D:6)
  2 bullfrog zombies (D:5)
  2 hounds
  3 jellies
  A bullfrog skeleton (D:5)
  2 centaur zombies (D:5)
  2 orc wizards
  A centaur skeleton (D:4)
  Terence (D:2)
  3 worker ants (D:6)
  2 hound zombies (D:5)
  4 hound skeletons
  A howler monkey zombie (D:5)
  3 worker ant zombies (D:5)
  3 gnolls (D:2)
  4 adders
  A white imp (D:5)
  3 oozes
  2 adder zombies (D:5)
  3 worms (D:2)
  5 dart slugs
  2 leopard geckos
  12 orcs
  8 goblins
  7 hobgoblins
  8 jackals
  9 kobolds
  3 quokkas
  6 bats
  A frilled lizard (D:3)
  2 jackal skeletons
  2 quokka zombies (D:5)
  8 rats
128 creatures vanquished.

Vanquished Creatures (others)
  6 fungi (D:6)
  9 plants (D:1)
15 creatures vanquished.

Grand Total: 143 creatures vanquished

Notes
Turn   | Place    | Note
-------+----------+-------------------------------------------
     0 | D:1      | Reached skill level 11 in Stealth
     0 | D:1      | flotson the Gnoll Wanderer began the quest for the Orb.
     0 | D:1      | flotson set off with the following items: a +2 dagger, a
                  | potion of heal wounds, 2 scrolls of teleportation, a +0
                  | robe
     0 | D:1      | Reached XP level 1. HP: 17/17 MP: 1/1
   100 | D:1      | Reached XP level 2. HP: 23/23 MP: 2/2
   531 | D:1      | Reached XP level 3. HP: 28/28 MP: 3/3
   903 | D:1      | Reached skill level 1 in Invocations
  1293 | D:2      | Reached skill level 1 in Long Blades
  1293 | D:2      | Reached skill level 1 in Axes
  1293 | D:2      | Reached skill level 1 in Maces & Flails
  1293 | D:2      | Reached skill level 1 in Polearms
  1293 | D:2      | Reached skill level 1 in Staves
  1293 | D:2      | Reached skill level 1 in Slings
  1293 | D:2      | Reached skill level 1 in Bows
  1293 | D:2      | Reached skill level 1 in Crossbows
  1293 | D:2      | Reached skill level 1 in Throwing
  1293 | D:2      | Reached skill level 1 in Armour
  1293 | D:2      | Reached skill level 1 in Dodging
  1293 | D:2      | Reached skill level 1 in Shields
  1293 | D:2      | Reached skill level 1 in Unarmed Combat
  1293 | D:2      | Reached skill level 1 in Spellcasting
  1368 | D:2      | Reached XP level 4. HP: 27/34 MP: 5/5
  2052 | D:2      | Reached skill level 1 in Conjurations
  2052 | D:2      | Reached skill level 1 in Hexes
  2052 | D:2      | Reached skill level 1 in Summonings
  2052 | D:2      | Reached skill level 1 in Necromancy
  2052 | D:2      | Reached skill level 1 in Translocations
  2052 | D:2      | Reached skill level 1 in Transmutations
  2052 | D:2      | Reached skill level 1 in Fire Magic
  2052 | D:2      | Reached skill level 1 in Ice Magic
  2052 | D:2      | Reached skill level 1 in Air Magic
  2052 | D:2      | Reached skill level 1 in Earth Magic
  2052 | D:2      | Reached skill level 1 in Poison Magic
  2293 | D:2      | Found a faded altar of an unknown god.
  2294 | D:2      | Found a snail-covered altar of Cheibriados.
  2346 | D:2      | Noticed Terence
  2348 | D:2      | Killed Terence
  2348 | D:2      | Reached XP level 5. HP: 40/40 MP: 5/7
  3413 | D:4      | Noticed an ogre
  3457 | D:3      | Reached XP level 6. HP: 42/47 MP: 8/8
  3518 | D:4      | Reached skill level 5 in Short Blades
  3653 | D:4      | You fall into a shaft and drop 1 floor!
  3653 | D:5      | Entered Level 5 of the Dungeon
  3668 | D:5      | Reached XP level 7. HP: 45/52 MP: 8/10
  4640 | D:5      | Found an iron altar of Okawaru.
  4921 | D:5      | Reached XP level 8. HP: 60/60 MP: 12/12
  5039 | D:5      | Found a glowing golden altar of the Shining One.
  5815 | D:6      | Noticed Prince Ribbit
  6102 | D:6      | Killed Prince Ribbit
  6148 | D:6      | Got a faintly humming leather armour
  6159 | D:6      | Identified the cursed +0 leather armour "Gehenka" {rPois
                  | Dex+4} (You found it on level 6 of the Dungeon)
  6200 | D:6      | Reached XP level 9. HP: 35/66 MP: 8/14
  6366 | D:6      | Slain by a slime creature

Illustrated notes

Levels and vault maps discovered:
D:1:      minmay_arrival_semitransparent, layout_rooms, dk_noncrumbling_4,
          chequers_big_river
D:2:      layout_basic, lemuel_crystal_altar,
          chequers_ecumenical_altar_simple_redux, uniq_terence
D:3:      layout_basic
D:4:      layout_cave_pods
D:5:      layout_loops_corners, serial_undead, serial_undead_d, serial_undead_a,
          serial_undead_f, serial_undead_d, basic_altar, tso_metal_star
D:6:      lemuel_slime, layout_basic, uniq_menkaure, uniq_maggie,
          uniq_prince_ribbit1

Skill      XL: |  1  2  3  4  5  6  7  8 |
---------------+-------------------------+-----
Stealth        | | 11.7
Invocations    | 1 2 3 4 |  4.1
Long Blades    | 1 2 3 |  3.8
Axes           | 1 2 3 |  3.8
Maces & Flails | 1 2 3 |  3.8
Polearms       | 1 2 3 |  3.8
Staves         | 1 2 3 |  3.8
Slings         | 1 2 3 |  3.8
Bows           | 1 2 3 |  3.8
Crossbows      | 1 2 3 |  3.8
Throwing       | 1 2 3 |  3.8
Armour         | 1 2 3 |  3.8
Dodging        | 1 2 3 |  3.8
Shields        | 1 2 3 |  3.8
Unarmed Combat | 1 2 3 |  3.8
Spellcasting   | 1 2 3 |  3.8
Conjurations   | 1 2 3 |  3.1
Hexes          | 1 2 3 |  3.1
Summonings     | 1 2 3 |  3.1
Necromancy     | 1 2 3 |  3.1
Translocations | 1 2 3 |  3.1
Transmutations | 1 2 3 |  3.1
Fire Magic     | 1 2 3 |  3.1
Ice Magic      | 1 2 3 |  3.1
Air Magic      | 1 2 3 |  3.1
Earth Magic    | 1 2 3 |  3.1
Poison Magic   | 1 2 3 |  3.1
Fighting       | 3 4 |  4.6
Evocations     | 3 4 |  4.6
Short Blades   | 5 6 |  6.0

Action                   |  1- 3 |  4- 6 |  7- 9 || total
-------------------------+-------+-------+-------++-------
Melee: Dagger            |    72 |       |       ||    72
       Bite              |     5 |    11 |    46 ||    62
       Short sword       |    16 |    79 |       ||    95
       Falchion          |       |    52 |   245 ||   297
Throw: Dart              |    11 |    16 |    11 ||    38
 Stab: Sleeping          |     8 |    12 |    13 ||    33
Armor: Robe              |     7 |     1 |       ||     8
       Scale mail        |       |    71 |    72 ||   143
       Leather armour    |       |       |     7 ||     7
Dodge: Dodged            |    58 |    47 |    57 ||   162
Block: Tower shield      |       |   111 |   204 ||   315
       Rpst.: Falchion   |       |    12 |    11 ||    23

Table legend: (Time is in decaauts)
 A = Elapsed time spent in this place.
 B = Non-inter-level travel time spent in this place.
 C = Inter-level travel time spent in this place.
 D = Time resting spent in this place.
 E = Time spent auto-exploring this place.
 F = Levels seen in this place.
 G = Mean time per level.
                   A        B        C        D        E       F      G
               +--------+--------+--------+--------+--------+-----+--------+
         Total |   6461 |   6174 |    287 |    264 |   4584 |   6 | 1076.8 |
       Dungeon |   6461 |   6174 |    287 |    264 |   4584 |   6 | 1076.8 |
               +--------+--------+--------+--------+--------+-----+--------+

Top non-repeatable levels by time:
     D:1: 1352 daAuts
     D:2: 1332 daAuts
     D:5: 1073 daAuts
     D:6: 1023 daAuts
     D:4: 977 daAuts
     D:3: 702 daAuts
